 Dungeon Crawl Stone Soup version 0.30-a0-723-gc1506a1cf0 (webtiles) character file.

Game seed: 18166433323705808919

63 Pooter the Slicer (level 4, -3/32 HPs)
             Began as a Gnoll Wanderer on Jan 28, 2023.
             Slain by Menkaure (9 damage)
             ... on level 3 of the Dungeon.
             The game lasted 00:17:08 (1955 turns).

Pooter the Slicer (Gnoll Wanderer)                  Turns: 1955, Time: 00:17:08

Health: -3/32      AC:  3    Str: 10    XL:     4   Next: 10%
Magic:  4/8        EV: 11    Int: 10    God:
Gold:   176        SH:  0    Dex: 16    Spells: 5/9 levels left

rFire   . . .      SeeInvis .    b - +0 sling
rCold   . . .      Faith    .    (no shield)
rNeg    . . .      Spirit   .    d - +0 leather armour
rPois   .          Reflect  .    (no helmet)
rElec   .          Harm     .    e - scarf {repulsion}
rCorr   .          Rampage  .    (no gloves)
Will    .....                    (no boots)
Stlth   ++                       (no amulet)
HPRegen 0.25/turn                (no ring)
MPRegen 0.11/turn                (no ring)

@: very slightly contaminated, repel missiles
A: fangs 1, strong nose, distributed training
a: no special abilities


You were on level 3 of the Dungeon.
You visited 1 branch of the dungeon, and saw 4 of its levels.

You collected 176 gold pieces.

Inventory:

Hand Weapons
 a - a +0 war axe
   (You found it on level 2 of the Dungeon)
 b - a +0 sling (weapon)
   (You found it on level 1 of the Dungeon)
 h - a +2 short sword
 k - a +0 dagger of holy wrath
   (You took it off a kobold on level 1 of the Dungeon)
 s - a +1 short sword of draining
   (You took it off a kobold on level 1 of the Dungeon)
Missiles
 l - a throwing net {!f}
 p - 2 boomerangs
 Q - 34 stones
Armour
 d - a +0 leather armour (worn)
 e - a scarf of repulsion (worn)
   (You found it on level 1 of the Dungeon)
 g - a +0 buckler
Wands
 i - a wand of mindburst (12)
   (You found it on level 3 of the Dungeon)
Scrolls
 c - a scroll of fog
 o - a scroll of vulnerability {!r}
 q - 2 scrolls of magic mapping
 r - a scroll of summoning {unknown}
Potions
 f - 2 potions of heal wounds {@q2}
 j - a potion of lignification {unknown}
 m - 2 potions of curing {unknown}
 n - a potion of ambrosia {unknown}
 t - 3 potions of mutation {unknown}
 u - a potion of haste {unknown}
 v - a potion of might {unknown}


   Skills:
 + Level 1.1 Fighting
 + Level 10.4 Short Blades
 + Level 1.1 Long Blades
 + Level 1.1 Axes
 + Level 1.1 Maces & Flails
 + Level 1.1 Polearms
 + Level 1.1 Staves
 + Level 1.1 Ranged Weapons
 + Level 1.1 Throwing
 + Level 1.1 Armour
 + Level 1.1 Dodging
 + Level 1.1 Stealth
 + Level 2.7 Shields
 + Level 1.1 Unarmed Combat
 + Level 3.0 Spellcasting
 + Level 0.8 Conjurations
 + Level 0.8 Hexes
 + Level 0.8 Summonings
 + Level 0.8 Necromancy
 + Level 0.8 Translocations
 + Level 0.8 Transmutations
 + Level 5.4 Fire Magic
 + Level 0.8 Ice Magic
 + Level 0.8 Air Magic
 + Level 0.8 Earth Magic
 + Level 0.8 Poison Magic
 + Level 1.2 Invocations
 + Level 1.1 Evocations


You had 5 spell levels left.
You knew the following spells:

 Your Spells              Type           Power      Damage    Failure   Level
a - Foxfire               Conj/Fire      28%        2x1d5     11%         1
b - Inner Flame           Hex/Fire       7%         N/A       30%         3

Your spell library contained the following spells:

 Spells                   Type           Power      Damage    Failure   Level
 Summon Small Mammal      Summ           12%        N/A       26%         1
 Call Canine Familiar     Summ           3%         N/A       63%         3
 Summon Guardian Golem    Hex/Summ       3%         N/A       63%         3


Dungeon Overview and Level Annotations

Branches:
Dungeon (4/15)
 Temple: D:4-7

Altars:
Cheibriados
Kikubaaqudgha
Okawaru

Annotations:
D:3 2 transporters, Menkaure; yumyumyeen's ghost, amateur GnHu


Innate Abilities, Weirdness & Mutations

You have very sharp teeth.
Your uncanny sense of smell can sniff out nearby items.
Your experience applies equally to all skills.


Message History

Found an ancient bone altar of Kikubaaqudgha and an iron altar of Okawaru.
There is an open door here.
There is an open door here.
There is an open door here.
Found a stone staircase leading up.
There is a stone staircase leading up here.
Found a stone staircase leading down.
Found a stone staircase leading down.
Found a stone staircase leading down.
Found 9 gold pieces, 2 atropa-tipped darts and a scroll labelled DUASMOAXOD.
Yumyumyeen's ghost turns its malevolent gaze towards you.
Yumyumyeen's ghost shrieks, "You must not succeed where I failed!"
Found 15 gold pieces.
Found a stone staircase leading up.
You now have 176 gold pieces (gained 15).
Partly explored, unvisited transporter.
Partly explored, unvisited transporter.
Yumyumyeen's ghost says, "You must not succeed where I failed!"
There is a stone staircase leading down here.
You climb downwards.
There is a stone staircase leading up here.
You conjure some foxfire!
The foxfire hits the goblin.
You kill the goblin!
Your Spellcasting skill increases to level 3!
There is a stone staircase leading up here.
Menkaure, Prince of Dust comes into view.
You conjure some foxfire!
Menkaure shouts!
The foxfire hits Menkaure.
Menkaure is burned terribly!
An endoplasm comes into view.
You conjure some foxfire!
The foxfire hits Menkaure.
Menkaure calls on the powers of darkness!
Your body is wracked with pain!
You hear an angry hiss.
You miscast Foxfire.
You are very lightly contaminated with residual magic.
Nothing appears to happen.
Menkaure casts a spell.
Menkaure seems to speed up.
You miscast Foxfire.
Nothing appears to happen.
There is a stone staircase leading up here.
Menkaure hits you!
* * * LOW HITPOINT WARNING * * *
You climb upwards.
Level annotation: 2 transporters, yumyumyeen's ghost, amateur GnHu
There is a stone staircase leading down here.
You conjure some foxfire!
Menkaure hits you!
You die...

..# #≈≈≈##..#.......####
#<..# ..#
#...##.######.#....########
..# #._.#..#
#.####........#
..####...#### ###.#
#...)....# ...#.+####
##<..# #........# #....##.#
#..### #........# ..##....#
##.## #........# #####..##
###.M############.### ..#
#..# #....@v...# #.# ..#
#..# #.....v...# #.##
..###..# #.........# #..#
..##...#####.......>># ##.#
.....................# #.#
.........©..........## #.#
...#############..#..# #.#
...#Zz.ZZzZ..Z.#..##.###
#.#
...#...........#..#....#
#.###


You could see Menkaure (fast, ally target), a wight, a killer bee zombie and a
bullfrog skeleton.

Vanquished Creatures
  An adder (D:2)
  A worm (D:2)
  2 dart slugs (D:1)
  2 orcs (D:3)
  5 ball pythons
  6 endoplasms
  3 giant cockroaches
  4 goblins
  4 hobgoblins
  2 frilled lizards
  7 kobolds
  4 rats
41 creatures vanquished.

Vanquished Creatures (others)
  85 foxfires
85 creatures vanquished.

Grand Total: 126 creatures vanquished

Notes
Turn   | Place    | Note
-------+----------+-------------------------------------------
     0 | D:1      | Reached skill level 10 in Short Blades
     0 | D:1      | Pooter the Gnoll Wanderer began the quest for the Orb.
     0 | D:1      | Pooter set off with the following items: a +2 short sword,
                  | a +0 buckler, a scroll of fog, a +0 leather armour; and the
                  | following spell memorised: Foxfire; and the following
                  | spells available to memorise: Inner Flame.
     0 | D:1      | Reached XP level 1. HP: 13/13 MP: 4/4
    44 | D:1      | Reached XP level 2. HP: 16/19 MP: 0/5
   672 | D:1      | Reached XP level 3. HP: 25/25 MP: 4/7
   707 | D:1      | Learned a level 3 spell: Inner Flame
   830 | D:1      | Found a faded altar of an unknown god.
   830 | D:1      | Noticed a red devil
   947 | D:2      | Reached skill level 1 in Invocations
  1064 | D:2      | Reached skill level 1 in Fighting
  1064 | D:2      | Reached skill level 1 in Long Blades
  1064 | D:2      | Reached skill level 1 in Axes
  1064 | D:2      | Reached skill level 1 in Maces & Flails
  1064 | D:2      | Reached skill level 1 in Polearms
  1064 | D:2      | Reached skill level 1 in Staves
  1064 | D:2      | Reached skill level 1 in Ranged Weapons
  1064 | D:2      | Reached skill level 1 in Throwing
  1064 | D:2      | Reached skill level 1 in Armour
  1064 | D:2      | Reached skill level 1 in Dodging
  1064 | D:2      | Reached skill level 1 in Stealth
  1064 | D:2      | Reached skill level 1 in Unarmed Combat
  1064 | D:2      | Reached skill level 1 in Evocations
  1231 | D:2      | Found a snail-covered altar of Cheibriados.
  1551 | D:3      | Reached XP level 4. HP: 32/32 MP: 6/8
  1712 | D:3      | Found a transporter.
  1715 | D:3      | Noticed yumyumyeen's ghost (amateur GnHu)
  1837 | D:3      | Found an ancient bone altar of Kikubaaqudgha.
  1837 | D:3      | Found an iron altar of Okawaru.
  1868 | D:3      | Found a transporter.
  1944 | D:4      | Noticed Menkaure
  1955 | D:3      | Slain by Menkaure

Illustrated notes

Levels and vault maps discovered:
D:1:      amcnicky_arrival_choice, layout_rooms,
          dreamdust_ecumenical_altar_sealed_demon, minmay_pentomino_r2
D:2:      layout_rooms, basic_altar, minmay_misc_feat_roman
D:3:      layout_rooms, mainiacjoe_overflow_divided_tiny,
          gammafunk_ghost_mausoleum
D:4:      layout_loops_ring, uniq_menkaure

Skill      XL: |  1  2  3  4 |
---------------+-------------+-----
Short Blades   | | 10.4
Invocations    | 1 |  1.2
Fighting       | 1 |  1.1
Long Blades    | 1 |  1.1
Axes           | 1 |  1.1
Maces & Flails | 1 |  1.1
Polearms       | 1 |  1.1
Staves         | 1 |  1.1
Ranged Weapons | 1 |  1.1
Throwing       | 1 |  1.1
Armour         | 1 |  1.1
Dodging        | 1 |  1.1
Stealth        | 1 |  1.1
Unarmed Combat | 1 |  1.1
Evocations     | 1 |  1.1
Spellcasting   | 3 |  3.0
Shields        | |  2.7
Conjurations   | |  0.8
Hexes          | |  0.8
Summonings     | |  0.8
Necromancy     | |  0.8
Translocations | |  0.8
Transmutations | |  0.8
Fire Magic     | |  5.4
Ice Magic      | |  0.8
Air Magic      | |  0.8
Earth Magic    | |  0.8
Poison Magic   | |  0.8

Action                     |  1- 3 |  4- 6 || total
---------------------------+-------+-------++-------
  Melee: Short sword       |    37 |       ||    37
         Bite              |     6 |       ||     6
   Fire: Sling             |     5 |     4 ||     9
   Cast: Foxfire           |    43 |     8 ||    51
    Use: Scroll            |     2 |     1 ||     3
 Armour: Leather armour    |     7 |     1 ||     8
  Dodge: Dodged            |    19 |     2 ||    21

Table legend: (Time is in decaauts)
 A = Elapsed time spent in this place.
 B = Non-inter-level travel time spent in this place.
 C = Inter-level travel time spent in this place.
 D = Time resting spent in this place.
 E = Time spent auto-exploring this place.
 F = Levels seen in this place.
 G = Mean time per level.
                   A        B        C        D        E       F      G
               +--------+--------+--------+--------+--------+-----+--------+
         Total |   1936 |   1887 |     49 |    138 |   1361 |   4 |  484.0 |
       Dungeon |   1936 |   1887 |     49 |    138 |   1361 |   4 |  484.0 |
               +--------+--------+--------+--------+--------+-----+--------+

Top non-repeatable levels by time:
     D:1: 893 daAuts
     D:2: 633 daAuts
     D:3: 384 daAuts
     D:4: 23 daAuts
